 Dungeon Crawl Stone Soup version 0.29.1-1-gd02db6906a (webtiles) character file.

Game seed: 4533076172526084007

354 Acheron the Covered (level 6, -1/48 HPs)
             Began as a Human Fighter on Sept 28, 2022.
             Slain by a centaur (6 damage)
             ... on level 5 of the Dungeon.
             The game lasted 00:10:11 (4355 turns).

Acheron the Covered (Human Fighter)                 Turns: 4355, Time: 00:10:12

Health: -1/48      AC:  8    Str: 16    XL:     6   Next: 94%
Magic:  7/7        EV:  9    Int:  8    God:
Gold:   214        SH:  5    Dex: 15    Spells: 6/7 levels left

rFire   + . .      SeeInvis .   a - +0 war axe
rCold   + . .      Faith    .   c - +0 buckler
rNeg    . . .      Spirit   .   b - +0 scale mail
rPois   +          Reflect  .   (no helmet)
rElec   .          Harm     .   o - scarf {rC+ rF+}
rCorr   .          Rampage  .   u - +0 pair of gloves
Will    .....                   (no boots)
Stlth   +.........              (no amulet)
HPRegen 0.16/turn               m - ring of poison resistance
MPRegen 0.10/turn               n - ring of wizardry

@: no status effects
A: no striking features
a: no special abilities


You were on level 5 of the Dungeon.
You visited 2 branches of the dungeon, and saw 6 of its levels.

You collected 214 gold pieces.

Inventory:

Hand Weapons
 a - a +0 war axe (weapon)
Missiles
 k - 5 javelins (quivered)
 r - 3 atropa-tipped darts
Armour
 b - a +0 scale mail (worn)
 c - a +0 buckler (worn)
 o - a scarf of resistance (worn)
 p - a +0 cloak
 u - a +0 pair of gloves (worn)
Jewellery
 m - a ring of poison resistance (left hand)
 n - a ring of wizardry (right hand)
Wands
 w - a wand of flame (14)
Scrolls
 j - a scroll of teleportation
 q - a scroll of magic mapping
 s - a scroll of fog
 t - a scroll of immolation {unknown}
 v - 2 scrolls of amnesia {unknown}
Potions
 d - a potion of might
 e - a potion of mutation {unknown}
 f - 5 potions of curing
 g - 2 potions of attraction {unknown}
 h - a potion of resistance {unknown}
 i - a potion of magic {unknown}
 l - 2 potions of degeneration {unknown}


   Skills:
 * Level 3.9 Fighting
 * Level 3.5 Axes
 * Level 1.5 Throwing
 * Level 3.9 Armour
 * Level 1.5 Dodging
 * Level 1.7 Stealth
 * Level 3.6 Shields
 + Level 1.0 Spellcasting
 * Level 0.9 Translocations


You had 6 spell levels left.
You knew the following spells:

 Your Spells              Type           Power      Damage    Failure   Level
a - Apportation           Tloc           2%         N/A       43%         1

Your spell library contained the following spells:

 Spells                   Type           Power      Damage    Failure   Level
 Confusing Touch          Hex            0%         N/A       88%         3
 Alistair's Intoxication  Tmut/Pois      0%         N/A       100%        5
 Freezing Cloud           Conj/Ice/Air   0%         6-21      100%        5
 Yara's Violent Unravell  Hex/Tmut       0%         3d3       100%        5
 Simulacrum               Ice/Necr       0%         N/A       100%        6
 Enfeeble                 Hex            0%         N/A       100%        7
 Polar Vortex             Ice            0%         N/A       100%        9


Dungeon Overview and Level Annotations

Branches:
Dungeon (5/15)             Temple (1/1) D:4

Altars:
Ashenzari
Fedhas
Gozag
Hepliaklqana
Okawaru
Qazlal
Trog
Vehumet
Zin

Annotations:
D:4 1 transporter, topfpfpflanze's ghost, amateur KoSu


Message History

The iguana is moderately wounded.
The iguana barely misses you.
You barely miss the iguana.
The iguana is moderately wounded.
The iguana bites you. The iguana bites you!
* * * LOW HITPOINT WARNING * * *
You slash the iguana!
The iguana is severely wounded.
The iguana barely misses you.
You hit the iguana but do no damage.
The iguana is severely wounded.
The iguana bites you but does no damage. x2
You closely miss the iguana.
The iguana is severely wounded.
The iguana closely misses you.
You completely miss the iguana.
The iguana is severely wounded.
The iguana closely misses you.
You hit the iguana.
You kill the iguana!
You start resting.
A centaur is nearby!
The centaur shouts!
The centaur wields a +0 shortbow.
The centaur shoots an arrow.
The arrow hits you but does no damage.
The centaur shoots an arrow.
The arrow hits you.
* * * LOW HITPOINT WARNING * * *
The centaur shoots an arrow.
The arrow barely misses you.
The centaur unwields a +0 shortbow.
The centaur hits you.
* * * LOW HITPOINT WARNING * * *
The centaur barely misses you.
You slash the centaur!
The centaur is heavily wounded.
The centaur closely misses you. The centaur barely misses you.
The centaur hits you but does no damage.
The centaur kicks you but does no damage.
You barely miss the centaur.
The centaur is moderately wounded.
The centaur hits you.
You die...

###### .....##
...... ....#
...#### # .....# .#
.# #†##.# ?# .#
#.##.##.# .#
#...@c..#.# .###
####......# ...
#..##### .#
####..### .#.#
#.......########
...#
.........#.........
..##
........##..######
...# ...#.#####..#
.....#
#...#........######


You could see a centaur.

Vanquished Creatures
  A scorpion (D:5)
  2 hounds
  2 iguanas (D:5)
  An orc wizard (D:3)
  Robin (D:2)
  4 adders
  2 worms
  3 dart slugs
  7 orcs
  7 endoplasms
  3 giant cockroaches
  6 goblins
  15 hobgoblins
  8 jackals
  7 kobolds
  4 quokkas
  4 ball pythons
  3 bats
  A frilled lizard (D:2)
  11 rats
92 creatures vanquished.

Vanquished Creatures (others)
  2 fungi (D:5)
2 creatures vanquished.

Grand Total: 94 creatures vanquished

Notes
Turn   | Place    | Note
-------+----------+-------------------------------------------
     0 | D:1      | Acheron the Human Fighter began the quest for the Orb.
     0 | D:1      | Reached XP level 1. HP: 18/18 MP: 1/1
   389 | D:1      | Reached XP level 2. HP: 24/24 MP: 2/2
   885 | D:1      | Reached XP level 3. HP: 13/29 MP: 3/3
  1495 | D:2      | Found a glowing silver altar of Zin.
  1750 | D:2      | Noticed Robin
  1758 | D:2      | Killed Robin
  1759 | D:2      | Reached XP level 4. HP: 31/35 MP: 4/4
  2004 | D:2      | Reached skill level 1 in Stealth
  2263 | D:2      | Learned a level 1 spell: Apportation
  2342 | D:3      | Found a faded altar of an unknown god.
  2361 | D:3      | Reached skill level 1 in Dodging
  2361 | D:3      | Reached XP level 5. HP: 41/41 MP: 5/5
  2411 | D:3      | Found a glowing silver altar of Zin.
  2735 | D:3      | Reached skill level 1 in Throwing
  3229 | D:4      | Found a staircase to the Ecumenical Temple.
  3248 | Temple   | Entered the Ecumenical Temple
  3408 | D:5      | Entered Level 5 of the Dungeon
  3408 | D:5      | Found a blossoming altar of Fedhas.
  3456 | D:4      | Reached XP level 6. HP: 27/48 MP: 7/7
  3877 | D:4      | Found a transporter.
  3887 | D:4      | Noticed topfpfpflanze's ghost (amateur KoSu)
  3890 | D:4      | Identified the +4 great mace "Kiexzaim" {spect, Contam
                  | rElec rPois Dex+5 SInv}
  3890 | D:4      | Noticed an ogre
  4157 | D:5      | Reached skill level 1 in Spellcasting
  4355 | D:5      | Slain by a centaur

Illustrated notes

Levels and vault maps discovered:
D:1:      dpeg_arrival_tiny_a, layout_basic
D:2:      layout_loops_cross, basic_altar, serial_forest,
          infiniplex_forest_lined_1, infiniplex_forest_corner_1,
          infiniplex_forest_clump_small, infiniplex_forest_straight_1,
          infiniplex_forest_lined_3, uniq_robin
D:3:      layout_basic, zin_treasury,
          hellmonk_ecumenical_altar_pennies_from_heaven
D:4:      layout_basic, minmay_temple_entry_trees, gammafunk_ghost_smash
D:5:      layout_loops_cross, fedhas_altar_3, nicolae_uskayaw_suspiria
Temple:   hellmonk_temple_two_chambers

Skill      XL: |  1  2  3  4  5  6 |
---------------+-------------------+-----
Stealth        | 1 |  1.7
Dodging        | 1 |  1.5
Throwing       | 1 |  1.5
Axes           | 3 |  3.5
Spellcasting   | 1 |  1.0
Fighting       | |  3.9
Armour         | |  3.9
Shields        | |  3.6
Translocations | |  0.9

Action                   |  1- 3 |  4- 6 || total
-------------------------+-------+-------++-------
Melee: War axe           |    97 |   179 ||   276
  Use: Scroll            |     1 |     5 ||     6
Armor: Scale mail        |    62 |    64 ||   126
Dodge: Dodged            |    49 |    92 ||   141
Block: Buckler           |    17 |    48 ||    65
